 Dungeon Crawl Stone Soup version 0.31.0-12-g77e489cdc1 (webtiles) character file.

Game seed: 11323703707152864178

71 Doomgape the Shield-Bearer (level 4, 0/37 HPs)
             Began as a Formicid Fighter on Feb 18, 2024.
             Slain by a goblin
             ... wielding a +0 dagger
             ... led by Robin
              (4 damage)
             ... on level 3 of the Dungeon.
             The game lasted 00:03:32 (1317 turns).

Doomgape the Shield-Bearer (Formicid Fighter)       Turns: 1317, Time: 00:03:32

Health: 0/37       AC:  7    Str: 23    XL:     4   Next: 47%
Magic:  4/4        EV:  9    Int:  7    God:
Gold:   153        SH:  5    Dex: 13    Spells: 3/3 levels left

rFire   . . .        a - +0 flail
rCold   . . .        c - +0 buckler
rNeg    . . .        b - +0 scale mail
rPois   +            (helmet unavailable)
rElec   .            (no cloak)
rCorr   .            (no gloves)
SInv    +            (no boots)
Will    .....        (no amulet) Stlth
                     j - ring of poison resistance
HPRegen 0.26/turn    (no ring)
MPRegen 0.09/turn

%: no passive effects
@: no status effects
A: permanent stasis, dig shafts and tunnels, antennae 3, four strong arms
a: Dig, Shaft Self


You were on level 3 of the Dungeon.
You visited 1 branch of the dungeon, and saw 3 of its levels.

You collected 153 gold pieces.

Inventory:

Hand Weapons
 a - a +0 flail (weapon)
Armour
 b - a +0 scale mail (worn)
 c - a +0 buckler (worn)
Jewellery
 j - a ring of poison resistance (left hand)
Scrolls
 h - 3 scrolls of identify
Potions
 d - a potion of might
 e - 2 potions of curing
 f - a potion of lignification {unknown}
 g - a potion of attraction {unknown}
 i - a potion of magic {unknown}
 l - a potion of brilliance {unknown}


   Skills:
 + Level 3.8 Fighting
 + Level 2.7 Maces & Flails
 + Level 3.9 Armour
 + Level 4.8 Shields


You had 3 spell levels left.
You didn't know any spells.
Your spell library was empty.

Dungeon Overview and Level Annotations

Branches:
Dungeon (3/15)

Altars:

Annotations:
D:3 Robin


Innate Abilities, Weirdness & Mutations

You cannot be hasted, slowed, berserked, paralysed or teleported.
You can dig through walls and to a lower floor.
You have a pair of large antennae on your head. (SInv)
Your four strong arms can wield two-handed weapons with a shield.


Message History

The giant cockroach is almost dead.
The giant cockroach barely misses you. The hobgoblin hits you.
The goblin hits you but does no damage. You block the goblin's attack.
The hobgoblin barely misses you. The goblin hits you with a +0 club.
You block the giant cockroach's attack.
You hit the giant cockroach.
You kill the giant cockroach!
The hobgoblin barely misses you. The goblin closely misses you.
The goblin hits you but does no damage. The hobgoblin barely misses you.
You block the goblin's attack. x2
Unknown command.
The hobgoblin no longer looks unusually strong.
Robin closely misses you.
You closely miss the goblin. The hobgoblin closely misses you.
You block the goblin's attack. Robin hits you with a +0 dagger.
The goblin hits you with a +0 dagger. The hobgoblin hits you.
* * * LOW HITPOINT WARNING * * *
The hobgoblin hits you but does no damage.
The goblin hits you with a +0 club.
* * * LOW HITPOINT WARNING * * *
You thump the goblin!
You kill the goblin!
Robin throws the goblin at you! The goblin hits you but does no damage.
The hobgoblin hits you but does no damage. x2
Robin roars a battlecry!
The hobgoblin goes into a battle-frenzy!
Unknown command.
You closely miss the goblin. The hobgoblin completely misses you.
The goblin hits you but does no damage. The goblin hits you with a +0 dagger.
* * * LOW HITPOINT WARNING * * *
The hobgoblin barely misses you. The goblin hits you but does no damage.
The hobgoblin hits you but does no damage.
The goblin hits you but does no damage. The hobgoblin hits you.
* * * LOW HITPOINT WARNING * * *
You barely miss the goblin.
The hobgoblin no longer looks unusually strong.
Robin roars a battlecry!
The hobgoblin goes into a battle-frenzy!
The goblin hits you with a +0 dagger.
You die...

#.............).)..)........
#<.....#####'#######'####..
#..###.###.....###..)..#
#..###.##.....###.....##
#..##..#.....###.....##
#......#....###.....##
#...##.'...###.....##
#...##.#..######g###
#...#†.#.###.#.)@g.# {
#......####..#.ggg.#
##..##.###...').g..+
#.....##....#..[..#
##.#..#.....#.....#
##.$.g#....####+###
#....g).).## .<....B#..##
##.....#.##


You could see Robin, 3 hobgoblins and 2 goblins.

Vanquished Creatures
  An adder (D:2)
  A dart slug (D:2)
  5 orcs (D:3)
  6 endoplasms
  4 giant cockroaches
  8 goblins
  2 hobgoblins
  5 jackals (D:2)
  4 kobolds
  3 ball pythons
  6 bats
  2 frilled lizards (D:1)
  2 rats
49 creatures vanquished.

Notes
Turn   | Place    | Note
-------+----------+-------------------------------------------
     0 | D:1      | Doomgape the Formicid Fighter began the quest for the Orb.
     0 | D:1      | Reached XP level 1. HP: 18/18 MP: 1/1
    67 | D:1      | Reached XP level 2. HP: 16/24 MP: 2/2
   508 | D:2      | Reached XP level 3. HP: 29/29 MP: 3/3
   897 | D:2      | Found a faded altar of an unknown god.
  1079 | D:3      | Reached XP level 4. HP: 37/37 MP: 4/4
  1281 | D:3      | Noticed Robin
  1317 | D:3      | Slain by a goblin

Illustrated notes

Levels and vault maps discovered:
D:1:      amcnicky_arrival_double_pillar, layout_rooms
D:2:      layout_basic, shapermc_ecumenical_altar_mp_highgroup
D:3:      layout_loops_ring, mainiacjoe_overflow_six_doors_small,
          grunt_dithmenos_smoke_and_mirrors, mainiacjoe_overflow_paths,
          serial_shops, shop, minmay_quadrilaterals, uniq_robin

Action                     |  1- 3 |  4- 6 || total
---------------------------+-------+-------++-------
  Melee: Flail             |    85 |    52 ||   137
    Use: Scroll            |     4 |     1 ||     5
         Potion            |       |     1 ||     1
 Armour: Scale mail        |    62 |    85 ||   147
  Dodge: Dodged            |    51 |    30 ||    81
  Block: Buckler           |    24 |    27 ||    51
